[ AOE2 MATCH · #495684583 ]
UnrankedMalians vs Vietnamese
Player's team · LOSS
[ REPLAY ANALYSIS · EXTRACTED FROM THE RECORDED GAME ]
Feudal
11:04
Castle
21:30
Imperial
—
| APM avg | 44.8 |
| APM peak | 85 |
| eAPM avg | 18.0 |
| Villagers / military | 62 / 57 |
Focus
⚔️ 24.7% · 🌾 75.3%
Skirmisher ×35 · Archer ×20 · Camel Scout ×2
Feudal
8:51
Castle
18:32
Imperial
—
| APM avg | 50.8 |
| APM peak | 108 |
| eAPM avg | 25.9 |
| Villagers / military | 98 / 63 |
Focus
⚔️ 30.0% · 🌾 70.0%
Archer ×34 · Knight ×27 · Scout Cavalry ×2
Match map
Initial resources + every placement click. Lines = walls · curves = elevation contours. ◆ gold · ⬟ stone · ● berries · ✦ relic · ◌ wall gap
Your base· ✓ Closed at 21:30 · 53t walls · no gate
Patching85's base· ✓ Closed at 18:32 · 39t walls · 1 gate(s)
Smoothed initial terrain · ◌ = detected wall gap · hover for details
Inputs per minute
— se7e - - Patching85
Build order — se7e
First 150 of 212 actions detected
| 0:01 | Create | Villager (Male) |
| 0:01 | Create | Villager (Male) |
| 0:02 | Create | Villager (Male) |
| 0:02 | Create | Villager (Male) |
| 0:03 | Build | House |
| 0:04 | Build | House |
| 1:32 | Create | Villager (Male) |
| 1:54 | Build | Lumber Camp |
| 2:01 | Create | Villager (Male) |
| 2:01 | Create | Villager (Male) |
| 2:27 | Create | Villager (Male) |
| 2:27 | Create | Villager (Male) |
| 2:49 | Create | Villager (Male) |
| 2:49 | Create | Villager (Male) |
| 3:14 | Create | Villager (Male) |
| 3:14 | Create | Villager (Male) |
| 3:45 | Create | Villager (Male) |
| 3:46 | Create | Villager (Male) |
| 3:56 | Build | House |
| 4:08 | Create | Villager (Male) |
| 4:08 | Create | Villager (Male) |
| 4:33 | Create | Villager (Male) |
| 4:33 | Create | Villager (Male) |
| 4:49 | Create | Villager (Male) |
| 4:50 | Create | Villager (Male) |
| 5:13 | Create | Villager (Male) |
| 5:13 | Create | Villager (Male) |
| 5:38 | Build | Mill |
| 5:47 | Create | Villager (Male) |
| 6:04 | Build | House |
| 6:25 | Create | Villager (Male) |
| 6:33 | Build | Mill |
| 7:00 | Build | Farm |
| 7:05 | Create | Villager (Male) |
| 7:26 | Build | Palisade Wall |
| 7:28 | Build | Palisade Wall |
| 7:34 | Research | Loom |
| 7:52 | Build | House |
| 7:54 | Build | Palisade Wall |
| 7:57 | Create | Villager (Male) |
| 8:10 | Build | Barracks |
| 8:23 | Create | Villager (Male) |
| 8:35 | Build | Mining Camp |
| 8:54 | Research | Feudal Age |
| 8:55 | Research | Feudal Age |
| 9:10 | Build | Palisade Wall |
| 10:02 | Build | House |
| 10:24 | Build | Palisade Wall |
| 10:27 | Build | Palisade Wall |
| 10:40 | Create | Villager (Male) |
| 11:01 | Create | Villager (Male) |
| 11:04 | Age | Feudal Age |
| 11:08 | Build | Archery Range |
| 11:13 | Build | Blacksmith |
| 11:15 | Build | House |
| 11:18 | Build | Palisade Wall |
| 11:20 | Build | Palisade Wall |
| 11:41 | Create | Villager (Male) |
| 11:54 | Create | Skirmisher |
| 11:54 | Create | Skirmisher |
| 11:56 | Build | House |
| 12:01 | Build | Palisade Gate |
| 12:08 | Build | Palisade Wall |
| 12:13 | Create | Villager (Male) |
| 12:15 | Build | Farm |
| 12:21 | Build | House |
| 12:24 | Build | Palisade Wall |
| 12:39 | Create | Skirmisher |
| 12:51 | Create | Skirmisher |
| 12:55 | Build | Farm |
| 12:56 | Build | Farm |
| 13:01 | Research | Fletching |
| 13:04 | Create | Archer |
| 13:16 | Build | Farm |
| 13:42 | Create | Archer |
| 13:43 | Create | Villager (Male) |
| 13:51 | Create | Villager (Male) |
| 13:53 | Build | Farm |
| 13:54 | Build | Farm |
| 14:07 | Build | Farm |
| 14:11 | Research | Double-Bit Axe |
| 14:19 | Create | Archer |
| 14:21 | Research | Padded Archer Armor |
| 14:24 | Create | Villager (Male) |
| 14:24 | Create | Villager (Male) |
| 14:28 | Build | House |
| 14:38 | Build | Farm |
| 15:01 | Create | Villager (Male) |
| 15:07 | Create | Skirmisher |
| 15:13 | Build | Lumber Camp |
| 15:33 | Create | Skirmisher |
| 15:40 | Build | Farm |
| 15:45 | Build | Farm |
| 15:49 | Create | Villager (Male) |
| 16:07 | Build | Farm |
| 16:15 | Create | Archer |
| 16:15 | Create | Villager (Male) |
| 16:28 | Build | Farm |
| 16:34 | Create | Archer |
| 16:53 | Create | Villager (Male) |
| 17:03 | Build | Market |
| 17:14 | Create | Skirmisher |
| 17:15 | Create | Villager (Male) |
| 17:32 | Create | Villager (Male) |
| 17:36 | Build | Lumber Camp |
| 17:43 | Create | Archer |
| 17:43 | Create | Archer |
| 17:50 | Build | Farm |
| 18:05 | Build | House |
| 18:06 | Build | House |
| 18:12 | Create | Villager (Male) |
| 18:50 | Research | Castle Age |
| 18:50 | Research | Castle Age |
| 18:54 | Build | Archery Range |
| 19:07 | Create | Skirmisher |
| 19:07 | Create | Skirmisher |
| 19:07 | Create | Skirmisher |
| 19:08 | Create | Skirmisher |
| 19:34 | Build | Palisade Wall |
| 19:38 | Build | Palisade Wall |
| 19:43 | Create | Skirmisher |
| 19:44 | Create | Skirmisher |
| 20:51 | Create | Skirmisher |
| 20:51 | Create | Skirmisher |
| 21:30 | Age | Castle Age |
| 21:33 | Research | Elite Skirmisher (upgrade) |
| 21:33 | Research | Bodkin Arrow |
| 21:34 | Create | Villager (Male) |
| 21:36 | Build | Farm |
| 21:50 | Create | Skirmisher |
| 21:51 | Create | Skirmisher |
| 22:09 | Create | Villager (Male) |
| 22:13 | Build | University |
| 22:23 | Build | House |
| 22:31 | Create | Skirmisher |
| 22:32 | Create | Skirmisher |
| 22:32 | Create | Villager (Male) |
| 22:34 | Research | Leather Archer Armor |
| 22:34 | Research | Leather Archer Armor |
| 22:34 | Create | Villager (Male) |
| 22:36 | Build | Farm |
| 22:37 | Research | Bow Saw |
| 22:38 | Research | Bow Saw |
| 22:56 | Build | Farm |
| 23:00 | Create | Villager (Male) |
| 23:01 | Create | Villager (Male) |
| 23:09 | Create | Skirmisher |
| 23:09 | Create | Skirmisher |
| 23:16 | Create | Skirmisher |
| 23:22 | Create | Skirmisher |
Build order — Patching85
First 150 of 273 actions detected
| 0:00 | Create | Villager (Male) |
| 0:01 | Build | House |
| 0:03 | Build | House |
| 0:07 | Create | Villager (Male) |
| 0:11 | Create | Villager (Male) |
| 0:13 | Create | Villager (Male) |
| 1:24 | Create | Villager (Male) |
| 1:25 | Create | Villager (Male) |
| 1:48 | Build | Mill |
| 2:01 | Create | Villager (Male) |
| 2:26 | Create | Villager (Male) |
| 2:55 | Create | Villager (Male) |
| 3:11 | Create | Villager (Male) |
| 3:37 | Create | Villager (Male) |
| 3:44 | Build | House |
| 4:09 | Create | Villager (Male) |
| 4:26 | Create | Villager (Male) |
| 4:35 | Create | Villager (Male) |
| 4:48 | Create | Villager (Male) |
| 4:54 | Build | Lumber Camp |
| 5:30 | Create | Villager (Male) |
| 5:41 | Research | Loom |
| 6:36 | Research | Feudal Age |
| 6:36 | Research | Feudal Age |
| 7:29 | Build | Mining Camp |
| 7:45 | Create | Villager (Male) |
| 8:01 | Build | Barracks |
| 8:36 | Build | House |
| 8:51 | Age | Feudal Age |
| 8:58 | Research | Double-Bit Axe |
| 9:02 | Create | Villager (Male) |
| 9:11 | Build | Archery Range |
| 9:33 | Create | Villager (Male) |
| 9:36 | Build | Palisade Gate |
| 9:40 | Build | House |
| 9:44 | Build | Palisade Wall |
| 9:49 | Build | Palisade Wall |
| 9:54 | Research | Horse Collar |
| 9:55 | Create | Villager (Male) |
| 9:57 | Create | Archer |
| 9:57 | Create | Archer |
| 10:16 | Create | Villager (Male) |
| 10:26 | Build | House |
| 10:29 | Build | Palisade Wall |
| 10:43 | Create | Villager (Male) |
| 10:44 | Build | Mill |
| 10:51 | Create | Archer |
| 11:01 | Build | House |
| 11:07 | Create | Villager (Male) |
| 11:24 | Build | Palisade Wall |
| 11:26 | Create | Archer |
| 11:27 | Create | Villager (Male) |
| 11:57 | Build | House |
| 11:59 | Build | Palisade Wall |
| 12:02 | Build | Palisade Wall |
| 12:04 | Create | Villager (Male) |
| 12:09 | Create | Archer |
| 12:26 | Create | Villager (Male) |
| 12:39 | Create | Archer |
| 12:40 | Create | Villager (Male) |
| 13:03 | Build | Blacksmith |
| 13:09 | Create | Archer |
| 13:10 | Create | Villager (Male) |
| 13:26 | Build | Farm |
| 13:39 | Build | Farm |
| 13:40 | Create | Villager (Male) |
| 13:48 | Build | House |
| 13:52 | Build | Palisade Wall |
| 13:55 | Build | Palisade Wall |
| 14:08 | Build | Farm |
| 14:11 | Create | Villager (Male) |
| 14:23 | Build | Farm |
| 14:35 | Create | Archer |
| 14:36 | Create | Villager (Male) |
| 14:47 | Build | Farm |
| 15:04 | Build | Farm |
| 15:21 | Build | Farm |
| 15:31 | Build | House |
| 15:32 | Build | House |
| 15:43 | Build | Farm |
| 15:52 | Research | Castle Age |
| 15:53 | Research | Castle Age |
| 15:54 | Create | Archer |
| 16:10 | Build | Farm |
| 16:22 | Research | Town Watch |
| 16:27 | Research | Fletching |
| 16:29 | Build | Farm |
| 16:30 | Create | Archer |
| 16:57 | Research | Gold Mining |
| 16:58 | Create | Archer |
| 17:19 | Research | Padded Archer Armor |
| 17:21 | Build | Farm |
| 17:23 | Build | Farm |
| 17:30 | Create | Archer |
| 18:32 | Age | Castle Age |
| 18:33 | Research | Crossbowman (upgrade) |
| 18:42 | Research | Bodkin Arrow |
| 18:42 | Research | Bodkin Arrow |
| 18:56 | Create | Villager (Male) |
| 18:57 | Build | Town Center |
| 19:04 | Create | Archer |
| 19:06 | Create | Villager (Male) |
| 19:26 | Create | Archer |
| 19:30 | Create | Villager (Male) |
| 19:55 | Research | Bow Saw |
| 19:57 | Create | Archer |
| 20:15 | Create | Villager (Male) |
| 20:17 | Create | Archer |
| 20:18 | Create | Villager (Male) |
| 20:18 | Create | Villager (Male) |
| 20:33 | Create | Villager (Male) |
| 20:38 | Create | Archer |
| 20:39 | Create | Villager (Male) |
| 21:10 | Create | Archer |
| 21:10 | Create | Archer |
| 21:10 | Create | Villager (Male) |
| 21:11 | Create | Villager (Male) |
| 21:11 | Create | Villager (Male) |
| 21:27 | Build | Town Center |
| 21:38 | Create | Villager (Male) |
| 21:39 | Create | Archer |
| 21:40 | Create | Villager (Male) |
| 21:53 | Create | Villager (Male) |
| 22:12 | Build | Stable |
| 22:12 | Create | Villager (Male) |
| 22:13 | Create | Villager (Male) |
| 22:22 | Build | Market |
| 22:52 | Research | Scale Barding Armor |
| 22:52 | Create | Villager (Male) |
| 22:53 | Create | Villager (Male) |
| 22:56 | Build | Stable |
| 22:57 | Build | Stable |
| 23:03 | Build | Stable |
| 23:10 | Build | Farm |
| 23:10 | Build | Farm |
| 23:10 | Build | Farm |
| 23:11 | Build | Farm |
| 23:11 | Build | Farm |
| 23:11 | Build | Farm |
| 23:11 | Build | Farm |
| 23:12 | Build | Farm |
| 23:17 | Research | Forging |
| 23:21 | Build | Farm |
| 23:24 | Create | Villager (Male) |
| 23:28 | Create | Archer |
| 23:28 | Create | Archer |
| 23:33 | Create | Knight |
| 23:41 | Create | Villager (Male) |
| 23:45 | Build | Farm |
| 23:46 | Create | Villager (Male) |
Match timeline
| 7:26 | se7e · wall_segment Palisade Wall x6 |
| 7:28 | se7e · wall_segment Palisade Wall x4 |
| 7:54 | se7e · wall_segment Palisade Wall x3 |
| 8:01 | Patching85 · first_building Barracks |
| 8:10 | se7e · first_building Barracks |
| 8:51 | Patching85 · age_up feudal |
| 9:10 | se7e · wall_segment Palisade Wall x3 |
| 9:11 | Patching85 · first_building Archery Range |
| 9:44 | Patching85 · wall_segment Palisade Wall x1 |
| 9:49 | Patching85 · wall_segment Palisade Wall x1 |
| 10:24 | se7e · wall_segment Palisade Wall x5 |
| 10:27 | se7e · wall_segment Palisade Wall x3 |
| 10:29 | Patching85 · wall_segment Palisade Wall x6 |
| 11:04 | se7e · age_up feudal |
| 11:08 | se7e · first_building Archery Range |
| 11:18 | se7e · wall_segment Palisade Wall x3 |
| 11:20 | se7e · wall_segment Palisade Wall x2 |
| 11:24 | Patching85 · wall_segment Palisade Wall x8 |
| 11:59 | Patching85 · wall_segment Palisade Wall x1 |
| 12:02 | Patching85 · wall_segment Palisade Wall x12 |
| 12:08 | se7e · wall_segment Palisade Wall x5 |
| 12:24 | se7e · wall_segment Palisade Wall x14 |
| 13:52 | Patching85 · wall_segment Palisade Wall x5 |
| 13:55 | Patching85 · wall_segment Palisade Wall x5 |
| 18:14 | se7e · first_market_buy 100 food |
| 18:15 | se7e · first_market_sell 100 stone |
| 18:32 | Patching85 · age_up castle |
| 19:34 | se7e · wall_segment Palisade Wall x2 |
| 19:38 | se7e · wall_segment Palisade Wall x4 |
| 21:30 | se7e · age_up castle |
| 22:12 | Patching85 · first_building Stable |
| 23:08 | Patching85 · first_market_buy 100 wood |
| 27:12 | Patching85 · first_building Monastery |
| 27:43 | se7e · first_building Stable |
| 28:38 | Patching85 · first_market_sell 100 wood |
| 29:19 | Patching85 · first_building Castle |
| 29:46 | se7e · resign |
[ AI ANALYSIS · 1 CREDIT ]
What really happened in this match?
Wolo.gg analyzes every decision: build order, eco, micro, common mistakes by bracket. Personalized analysis on WhatsApp or Discord in 30 seconds.
Civ guide
Malians
Perfil
se7e